 Dungeon Crawl Stone Soup version 0.24-a0-123-ga2403f3307 (webtiles) character file.

Game seed: 0

9592 MrRokkomies the Martial Artist (level 11, -4/81 HPs)
             Began as a Gnoll Wanderer on Feb 19, 2019.
             Was a Priest of Nemelex Xobeh.
             Slain by a komodo dragon (21 damage)
             ... on level 1 of the Lair of Beasts on Feb 20, 2019.
             The game lasted 00:39:18 (11183 turns).

MrRokkomies the Martial Artist (Gnoll Wanderer)    Turns: 11183, Time: 00:39:19

Health: -4/81      AC: 15    Str: 26    XL:     11   Next: 48%
Magic:  21/21      EV: 11    Int: 13    God:    Nemelex Xobeh [***...]
Gold:   646        SH:  0    Dex: 19    Spells: 23/23 levels left

rFire    . . .     SeeInvis .   a - +1 trident
rCold    . . .     Gourm    +   (no shield)
rNeg     . . .     Faith    .   c - +0 plate armour
rPois    .         Spirit   .   (no helmet)
rElec    .         Reflect  .   (no cloak)
rCorr    .         Harm     .   D - +1 pair of gloves (curse)
MR       .....     Rnd*Tele +   (no boots)
Stlth    ..........             L - amulet of the gourmand
HPRegen  0.23/turn              w - ring of Moodiness {*Tele Str+9 Dex+2}
MPRegen  0.17/turn              (no ring)

@: no status effects
A: distributed training, fangs 1, strong nose
a: Draw Escape, Draw Destruction, Draw Summoning, Triple Draw, Renounce Religion


You were on level 1 of the Lair of Beasts.
You worshipped Nemelex Xobeh.
Nemelex Xobeh was most pleased with you.
You were hungry.

You visited 3 branches of the dungeon, and saw 12 of its levels.

You collected 646 gold pieces.

Inventory:

Hand Weapons
 a - a +1 trident (weapon)
 b - a +0 hunting sling
 x - the +3 dagger "Assoguxy" {elec, rC++ Str+4 Dex-5}
   (You found it on level 4 of the Dungeon)

   Occasionally, upon striking a foe, it will discharge some electrical energy
   and cause terrible harm.
   It affects your strength (+4).
   It affects your dexterity (-5).
   It greatly protects you from cold.
 N - a +0 blowgun
Missiles
 l - 129 sling bullets
 m - 4 needles of paralysis
 t - 94 poisoned needles
 F - 8 needles of sleeping
 I - 3 needles of confusion
Armour
 c - a +0 plate armour (worn)
 D - a cursed +1 pair of gloves (worn)
 J - a +0 pair of gloves
Magical Staves
 u - an uncursed staff of conjuration
Jewellery
 w - the ring of Moodiness (left hand) {*Tele Str+9 Dex+2}
   (You found it on level 4 of the Dungeon)

   [ring of teleportation]

   It may teleport you next to monsters.
   It affects your strength (+9).
   It affects your dexterity (+2).
 L - an amulet of the gourmand (around neck)
Wands
 p - a wand of clouds (3)
 K - a wand of digging (10)
Scrolls
 d - a scroll of magic mapping
 g - 4 scrolls of identify
 j - 3 scrolls of fear
 n - 6 scrolls of fog
 q - 4 scrolls of teleportation
 v - a scroll of blinking
 y - 3 scrolls of enchant weapon
 z - a scroll of amnesia
 B - 5 scrolls of remove curse
 O - a scroll of enchant armour
Potions
 e - 2 potions of lignification
 h - 2 potions of flight
 i - a potion of berserk rage
 k - a potion of brilliance {unknown}
 o - a potion of magic {unknown}
 r - 2 potions of resistance
 s - 2 potions of degeneration {unknown}
 A - 2 potions of haste
 E - a potion of mutation {unknown}
 G - 2 potions of might {unknown}
 H - a potion of invisibility {unknown}
 M - a potion of curing
Comestibles
 f - 28 rations


   Skills:
 + Level 6.2 Fighting
 + Level 6.2 Short Blades
 + Level 6.2 Long Blades
 + Level 6.2 Axes
 + Level 6.2 Maces & Flails
 + Level 6.2 Polearms
 + Level 6.2 Staves
 + Level 6.2 Slings
 + Level 6.2 Bows
 + Level 6.2 Crossbows
 + Level 6.2 Throwing
 + Level 6.2 Armour
 + Level 6.8 Dodging
 + Level 6.7 Stealth
 + Level 6.2 Shields
 + Level 9.1 Unarmed Combat
 + Level 6.9 Spellcasting
 + Level 5.1 Conjurations
 + Level 5.1 Hexes
 + Level 5.1 Charms
 + Level 6.5 Summonings
 + Level 5.1 Necromancy
 + Level 5.1 Translocations
 + Level 5.1 Transmutations
 + Level 5.1 Fire Magic
 + Level 5.1 Ice Magic
 + Level 5.1 Air Magic
 + Level 5.1 Earth Magic
 + Level 5.1 Poison Magic
 + Level 6.8 Invocations
 + Level 7.8 Evocations


You had 23 spell levels left.
You didn't know any spells.
Your spell library contained the following spells:

 Spells                   Type           Power        Failure   Level  Hunger
 Freeze                   Ice            ###.         22%         1    None
 Throw Frost              Conj/Ice       ###...       34%         2    #......
 Ozocubu's Armour         Chrm/Ice       ###.....     56%         3    ##.....
 Summon Ice Beast         Ice/Summ       ###.....     86%         4    ####...
 Throw Icicle             Conj/Ice       ###.....     92%         4    ####...


Dungeon Overview and Level Annotations

Branches:
Dungeon (10/15)            Temple (1/1) D:5            Lair (1/6) D:10
    Orc: D:9-12

Altars:
Ashenzari
Cheibriados
Dithmenos
Elyvilon
Fedhas
Gozag
Hepliaklqana
Kikubaaqudgha
Makhleb
Nemelex Xobeh
Okawaru
Qazlal
Ru
Sif Muna
Trog
Uskayaw
Vehumet
Wu Jian
Xom
Yredelemnul
Zin
The Shining One

Shops:
D:6 %[


Innate Abilities, Weirdness & Mutations

Your experience applies equally to all skills.
You have very sharp teeth.
Your uncanny sense of smell can sniff out nearby items.


Message History

Your surroundings suddenly seem different.
A komodo dragon comes into view.
Found 14 gold pieces.
You draw a card...
You have drawn Wild Magic.
Venomous gases pour from the komodo dragon's front talons!
You feel a surge of magic.
You closely miss the komodo dragon. The komodo dragon bites you!!
You hit the komodo dragon.
You bite the komodo dragon, but do no damage.
The komodo dragon is lightly wounded.
The komodo dragon bites you!
* * * LOW HITPOINT WARNING * * *
Unknown command.
You draw a card...
You have drawn the Cloud.
Clouds appear around you! The komodo dragon bites you.
* * * LOW HITPOINT WARNING * * *
You draw a card...
You have drawn the Cloud.
Clouds appear around you! The komodo dragon bites you!!
You die...
Your body disappears without a glow.

...........### #...#
...........#P#######...#P##..<###
..(...............?...........##P
###....###.#.....................
# ##...# ##.............#####P.##
#...# ##...P.##P### #### #...#
#....### # ....# ###○§○§P.#.##..
. .....P #..☼.☼l@.?..$..
........(...○§○§☼.......
.####..####..###. #.. ### #.. ...
.... .....


You could see a komodo dragon.

Vanquished Creatures
  A two-headed ogre (D:8)
  A death yak (D:10)
  Pikel (D:7)
  4 hippogriffs
  A spriggan (D:9)
  4 yaks (Lair:1)
  2 basilisks
  A hungry ghost (D:10)
  Menkaure (D:7)
  A soldier ant (D:9)
  2 water moccasins
  Duvessa (D:7)
  2 orc warriors
  2 sky beasts (D:5)
  A black bear (D:7)
  4 ice beasts
  2 ogres
  2 phantoms
  4 wolves (Lair:1)
  4 centaurs
  A crocodile (D:10)
  3 big kobolds (D:10)
  9 bullfrogs
  A scorpion (D:8)
  Dowan (D:7)
  14 killer bees
  2 howler monkeys
  An electric eel (D:10)
  A crimson imp (D:6)
  2 centaur zombies
  A quasit (D:9)
  A hound (D:10)
  4 orc wizards
  3 bullfrog skeletons
  2 iguanas
  7 worker ants
  A hound skeleton (D:7)
  16 adders
  3 gnolls (D:7)
  A shadow imp (D:5)
  An ooze (D:2)
  3 adder skeletons
  2 worms (D:3)
  4 dart slugs
  5 leopard geckos
  26 orcs
  8 bats
  4 giant cockroaches
  2 hobgoblins (D:1)
  2 jackals (D:1)
  17 kobolds
  4 quokkas
  4 ball pythons
  6 frilled lizards
  5 goblins
  A leopard gecko zombie (D:8)
  10 rats
  A butterfly (D:5)
220 creatures vanquished.

Vanquished Creatures (collateral kills)
  A two-headed ogre (D:8)
  A hungry ghost (D:8)
  A water moccasin (D:8)
  2 ogres (D:8)
  A centaur (D:8)
  3 howler monkeys (D:8)
9 creatures vanquished.

Vanquished Creatures (others)
  A hippogriff (D:9)
  2 yaks (Lair:1)
  4 slaves (D:7)
  An adder (D:7)
  A quokka (D:7)
9 creatures vanquished.

Grand Total: 238 creatures vanquished

Notes
Turn   | Place    | Note
-------+----------+-------------------------------------------
     0 | D:1      | MrRokkomies the Gnoll Wanderer began the quest for the Orb.
     0 | D:1      | MrRokkomies set off with the following items: a scroll of
                  | fear, a scroll of blinking, 2 potions of curing, a +0 robe,
                  | a +0 club, a ration
     0 | D:1      | Reached XP level 1. HP: 13/13 MP: 4/4
   101 | D:1      | Reached XP level 2. HP: 12/19 MP: 5/5
   457 | D:1      | Reached XP level 3. HP: 25/25 MP: 7/7
   766 | D:2      | Reached skill level 1 in Invocations
  1221 | D:2      | Reached skill level 1 in Fighting
  1221 | D:2      | Reached skill level 1 in Short Blades
  1221 | D:2      | Reached skill level 1 in Long Blades
  1221 | D:2      | Reached skill level 1 in Axes
  1221 | D:2      | Reached skill level 1 in Maces & Flails
  1221 | D:2      | Reached skill level 1 in Polearms
  1221 | D:2      | Reached skill level 1 in Staves
  1221 | D:2      | Reached skill level 1 in Slings
  1221 | D:2      | Reached skill level 1 in Bows
  1221 | D:2      | Reached skill level 1 in Crossbows
  1221 | D:2      | Reached skill level 1 in Throwing
  1221 | D:2      | Reached skill level 1 in Armour
  1221 | D:2      | Reached skill level 1 in Shields
  1330 | D:2      | Reached XP level 4. HP: 30/32 MP: 8/8
  1723 | D:3      | Reached skill level 1 in Conjurations
  1723 | D:3      | Reached skill level 1 in Hexes
  1723 | D:3      | Reached skill level 1 in Charms
  1723 | D:3      | Reached skill level 1 in Necromancy
  1723 | D:3      | Reached skill level 1 in Translocations
  1723 | D:3      | Reached skill level 1 in Transmutations
  1723 | D:3      | Reached skill level 1 in Fire Magic
  1723 | D:3      | Reached skill level 1 in Ice Magic
  1723 | D:3      | Reached skill level 1 in Air Magic
  1723 | D:3      | Reached skill level 1 in Earth Magic
  1723 | D:3      | Reached skill level 1 in Poison Magic
  2184 | D:3      | Reached XP level 5. HP: 33/37 MP: 9/9
  2414 | D:4      | Got a steaming golden ring
  2418 | D:4      | Got an ancient dagger
  2768 | D:4      | Reached XP level 6. HP: 44/44 MP: 10/10
  3064 | D:4      | Identified the +3 dagger "Assoguxy" {elec, rC++ Str+4
                  | Dex-5} (You found it on level 4 of the Dungeon)
  3065 | D:4      | Identified the ring of Moodiness {*Tele Str+9 Dex+2} (You
                  | found it on level 4 of the Dungeon)
  3192 | D:5      | Entered Level 5 of the Dungeon
  3363 | D:5      | Found a stormy altar of Qazlal.
  3364 | D:5      | Found a burning altar of Makhleb.
  3407 | D:5      | Noticed an ice beast
  3409 | D:5      | Killed an ice beast
  3409 | D:5      | Reached skill level 5 in Evocations
  3607 | D:5      | Reached XP level 7. HP: 46/50 MP: 12/12
  3614 | D:5      | Reached skill level 7 in Unarmed Combat
  3725 | D:5      | Found a staircase to the Ecumenical Temple.
  3740 | Temple   | Entered the Ecumenical Temple
  3751 | Temple   | Became a worshipper of Nemelex Xobeh the Trickster
  4076 | D:6      | Received a gift from Nemelex Xobeh
  4092 | D:6      | Found Anopn's Food Shop.
  4135 | D:6      | Reached XP level 8. HP: 40/57 MP: 12/14
  4720 | D:6      | Reached * piety under Nemelex Xobeh
  4793 | D:6      | Found a deep blue altar of Sif Muna.
  4814 | D:6      | Found an ornate altar of the Wu Jian Council.
  4890 | D:6      | Found Wimoit's Armour Emporium.
  5056 | D:7      | Noticed Menkaure
  5059 | D:7      | Killed Menkaure
  5173 | D:7      | Noticed Pikel
  5204 | D:7      | Killed Pikel
  5204 | D:7      | Reached XP level 9. HP: 40/65 MP: 14/16
  5240 | D:7      | Reached skill level 5 in Summonings
  5437 | D:7      | Noticed Duvessa
  5437 | D:7      | Noticed Dowan
  5865 | D:7      | Reached skill level 5 in Spellcasting
  6010 | D:7      | Killed Dowan
  6010 | D:7      | Reached skill level 5 in Dodging
  6282 | D:7      | Killed Duvessa
  6308 | D:7      | Reached skill level 5 in Stealth
  6405 | D:7      | Reached skill level 8 in Unarmed Combat
  7308 | D:7      | Received a gift from Nemelex Xobeh
  7584 | D:8      | Reached ** piety under Nemelex Xobeh
  7607 | D:8      | Noticed a two-headed ogre
  7607 | D:8      | Reached skill level 5 in Invocations
  7617 | D:8      | Killed a two-headed ogre
  7617 | D:8      | Reached XP level 10. HP: 44/73 MP: 18/18
  7623 | D:8      | Noticed a two-headed ogre
  7627 | D:8      | Killed a two-headed ogre
  7627 | D:8      | Reached skill level 5 in Fighting
  7627 | D:8      | Reached skill level 5 in Short Blades
  7627 | D:8      | Reached skill level 5 in Long Blades
  7627 | D:8      | Reached skill level 5 in Axes
  7627 | D:8      | Reached skill level 5 in Maces & Flails
  7627 | D:8      | Reached skill level 5 in Polearms
  7627 | D:8      | Reached skill level 5 in Staves
  7627 | D:8      | Reached skill level 5 in Slings
  7627 | D:8      | Reached skill level 5 in Bows
  7627 | D:8      | Reached skill level 5 in Crossbows
  7627 | D:8      | Reached skill level 5 in Throwing
  7627 | D:8      | Reached skill level 5 in Armour
  7627 | D:8      | Reached skill level 5 in Shields
  8585 | D:8      | Found a shattered altar of Ashenzari.
  9016 | D:9      | Received a gift from Nemelex Xobeh
  9657 | D:10     | Entered Level 10 of the Dungeon
  9731 | D:10     | Found a sparkling altar of Nemelex Xobeh.
  9804 | D:10     | Reached XP level 11. HP: 52/81 MP: 20/20
 10397 | D:10     | Received a gift from Nemelex Xobeh
 10406 | D:10     | Found a staircase to the Lair.
 10406 | D:10     | Noticed a death yak
 10423 | D:10     | Killed a death yak
 10423 | D:10     | Reached skill level 9 in Unarmed Combat
 10424 | D:10     | Reached skill level 5 in Conjurations
 10424 | D:10     | Reached skill level 5 in Hexes
 10424 | D:10     | Reached skill level 5 in Charms
 10424 | D:10     | Reached skill level 5 in Necromancy
 10424 | D:10     | Reached skill level 5 in Translocations
 10424 | D:10     | Reached skill level 5 in Transmutations
 10424 | D:10     | Reached skill level 5 in Fire Magic
 10424 | D:10     | Reached skill level 5 in Ice Magic
 10424 | D:10     | Reached skill level 5 in Air Magic
 10424 | D:10     | Reached skill level 5 in Earth Magic
 10424 | D:10     | Reached skill level 5 in Poison Magic
 10496 | D:10     | Reached *** piety under Nemelex Xobeh
 10782 | D:10     | Upgraded the game from 0.24-a0-118-g3d66cf40a6 to
                  | 0.24-a0-123-ga2403f3307
 10826 | Lair:1   | Entered Level 1 of the Lair of Beasts
 11183 | Lair:1   | Slain by a komodo dragon

Levels and vault maps discovered:
D:1:      minmay_arrival_open_corners, layout_loops_ring
D:2:      layout_basic, first_ration
D:3:      layout_rooms
D:4:      layout_loops_ring
D:5:      layout_loops_cross, gammafunk_temple_overflow_statue,
          minmay_temple_entry_butterflies
D:6:      layout_cave_pods, minitemple, serial_shops, nicolae_shop_statue_plus,
          shop, minmay_hedge_maze, kennysheep_generic_room_12
D:7:      layout_layer_cave, uniq_pikel, uniq_menkaure, uniq_duvessa
D:8:      layout_loops_cross, basic_altar
D:9:      layout_basic, the_bakery, minivault_25
D:10:     layout_basic, david_lair_generic, nemelex_xobeh_ov_fountains_minmay
Temple:   nicolae_temple_no_exploring_needed
Lair:1:   layout_small_grid

Skill      XL: |  1  2  3  4  5  6  7  8  9 10 11 |
---------------+----------------------------------+-----
Invocations    | 1 2 3 4 5 6 |  6.8
Fighting       | 1 2 3 4 5 6 |  6.2
Short Blades   | 1 2 3 4 5 6 |  6.2
Long Blades    | 1 2 3 4 5 6 |  6.2
Axes           | 1 2 3 4 5 6 |  6.2
Maces & Flails | 1 2 3 4 5 6 |  6.2
Polearms       | 1 2 3 4 5 6 |  6.2
Staves         | 1 2 3 4 5 6 |  6.2
Slings         | 1 2 3 4 5 6 |  6.2
Bows           | 1 2 3 4 5 6 |  6.2
Crossbows      | 1 2 3 4 5 6 |  6.2
Throwing       | 1 2 3 4 5 6 |  6.2
Armour         | 1 2 3 4 5 6 |  6.2
Shields        | 1 2 3 4 5 6 |  6.2
Spellcasting   | 3 4 5 6 |  6.9
Conjurations   | 1 2 3 4 5 |  5.1
Hexes          | 1 2 3 4 5 |  5.1
Charms         | 1 2 3 4 5 |  5.1
Necromancy     | 1 2 3 4 5 |  5.1
Translocations | 1 2 3 4 5 |  5.1
Transmutations | 1 2 3 4 5 |  5.1
Fire Magic     | 1 2 3 4 5 |  5.1
Ice Magic      | 1 2 3 4 5 |  5.1
Air Magic      | 1 2 3 4 5 |  5.1
Earth Magic    | 1 2 3 4 5 |  5.1
Poison Magic   | 1 2 3 4 5 |  5.1
Dodging        | 3 4 5 6 |  6.8
Summonings     | 4 5 6 |  6.5
Stealth        | 3 4 5 6 |  6.7
Evocations     | 5 6 7 |  7.8
Unarmed Combat | 7 8 9 |  9.1

Action                   |  1- 3 |  4- 6 |  7- 9 | 10-12 || total
-------------------------+-------+-------+-------+-------++-------
Melee: Club              |    44 |       |       |       ||    44
       Bite              |     9 |    17 |    45 |    69 ||   140
       Mace              |    42 |       |       |       ||    42
       Punch             |     1 |     9 |    10 |    19 ||    39
       Trident           |    12 |   210 |   248 |   380 ||   850
 Fire: Hunting sling     |       |       |    20 |    29 ||    49
       Blowgun           |       |       |       |     5 ||     5
 Abil: Draw Destruction  |       |       |     1 |    14 ||    15
       Draw Escape       |       |       |     1 |     2 ||     3
       Draw Summoning    |       |       |     1 |     1 ||     2
Evoke: Wand              |       |     2 |     7 |     6 ||    15
  Use: Scroll            |     5 |     2 |     7 |     2 ||    16
       Potion            |     1 |     1 |       |     2 ||     4
 Stab: Sleeping          |     2 |       |       |       ||     2
  Eat: Chunk             |       |     8 |     8 |     8 ||    24
       Ration            |       |       |     2 |     1 ||     3
Armor: Robe              |    17 |       |       |       ||    17
       Chain mail        |     9 |   106 |   126 |    39 ||   280
       Plate armour      |       |       |       |   175 ||   175
Dodge: Dodged            |    74 |   103 |   152 |   242 ||   571

Table legend:
 A = Non-vault XP
 B = Vault XP
 C = Vault XP percentage of total XP
 D = Non-vault monster count
 E = Vault monster count
 F = Vault count percentage of total count
                 A         B        C        D         E       F
            +---------+---------+-------+---------+---------+-------
      Total |   11081 |    2622 |  19.1 |     222 |       9 |   3.9
            +---------+---------+-------+---------+---------+-------
        D:1 |      46 |       0 |   0.0 |      27 |       0 |   0.0
        D:2 |      50 |       0 |   0.0 |       7 |       0 |   0.0
        D:3 |      87 |       0 |   0.0 |      26 |       0 |   0.0
        D:4 |     150 |       0 |   0.0 |       7 |       0 |   0.0
        D:5 |     729 |       0 |   0.0 |      23 |       0 |   0.0
        D:6 |     715 |       0 |   0.0 |      16 |       0 |   0.0
        D:7 |    1199 |    1027 |  46.1 |      19 |       4 |  17.4
        D:8 |    3199 |       0 |   0.0 |      32 |       0 |   0.0
        D:9 |    1247 |     229 |  15.5 |      22 |       1 |   4.3
       D:10 |    1449 |    1366 |  48.5 |      30 |       4 |  11.8
     Lair:1 |    2210 |       0 |   0.0 |      13 |       0 |   0.0
            +---------+---------+-------+---------+---------+-------
